 Dungeon Crawl Stone Soup version 0.20.0-15-g7f486f2 (webtiles) character file.

73 anfisbena the Slasher (level 4, -2/31 HPs)
             Began as a Demonspawn Abyssal Knight on June 16, 2017.
             Was a Follower of Lugonu.
             Slain by yogakurto's ghost (4 damage)
             ... on level 3 of the Dungeon.
             The game lasted 00:02:56 (2253 turns).

anfisbena the Slasher (Demonspawn Abyssal Knight)   Turns: 2253, Time: 00:02:56

Health: -2/31      AC:  8    Str: 14    XL:     4   Next: 8%
Magic:  14/14      EV: 11    Int: 19    God:    Lugonu [*.....]
Gold:   130        SH:  0    Dex: 13    Spells: 3/3 levels left

rFire    + . .     SeeInvis .   a - +1 falchion
rCold    . . .     Gourm    .   (no shield)
rNeg     . . .     Faith    .   d - +2 robe of the Five Ships {rF+}
rPois    .         Spirit   .   (no helmet)
rElec    .         Reflect  .   (no cloak)
rCorr    .         Harm     .   (no gloves)
MR       .....     Clarity  +   e - +0 pair of boots
Stlth    +.........             (no amulet)
Regen    0.1/turn               b - ring of magical power
MPRegen  0.2/turn               (no ring)

@: brilliant
A: claws 1, slimy green scales 2, clarity, frail 1, strong 1
a: Depart the Abyss, Renounce Religion


You were on level 3 of the Dungeon.
You worshipped Lugonu.
Lugonu was aware of your devotion.
You were hungry.

You visited 1 branch of the dungeon, and saw 3 of its levels.
You visited the Abyss 1 time.

You collected 130 gold pieces.

Inventory:

Hand Weapons
 a - a +1 falchion (weapon)
Armour
 d - the +2 robe of the Five Ships (worn) {rF+}
   (You found it on level 2 of the Abyss)

   It protects you from fire.
 e - a +0 pair of boots (worn)
Jewellery
 b - a ring of magical power (left claw)
Scrolls
 f - 2 scrolls of blinking {unknown}
 h - a scroll of enchant weapon {unknown}
 i - 2 scrolls of fear {unknown}
 j - 2 scrolls of fog {unknown}
 k - a scroll of enchant armour {unknown}
 l - 3 scrolls of identify {unknown}
Comestibles
 c - 2 bread rations


   Skills:
 - Level 3.0 Fighting
 + Level 4.0 Long Blades
 - Level 1.7 Armour
 - Level 0.8 Dodging
 - Level 2.4 Invocations


You had 3 spell levels left.
You didn't know any spells.

Dungeon Overview and Level Annotations

Branches:
Dungeon (3/15)

Altars:

Annotations:
D:3 yogakurto's ghost, amateur DrFE


Innate Abilities, Weirdness & Mutations

You have sharp fingernails.
You are mostly covered in slimy green scales. (AC +3)
You possess an exceptional clarity of mind.
You are frail. (-10% HP)
Your muscles are strong. (Str +2)


Message History

Yogakurto's ghost is severely damaged.
Yogakurto's ghost casts a spell at you. The flame tongue hits you! You resist.
* * * LOW HITPOINT WARNING * * *
You barely miss yogakurto's ghost.
Yogakurto's ghost is severely damaged.
Yogakurto's ghost hits you but does no damage.
You barely miss yogakurto's ghost.
Yogakurto's ghost is severely damaged.
Yogakurto's ghost casts a spell at you. The puff of flame hits you! You resist.
* * * LOW HITPOINT WARNING * * *
You are feeling hungry.
You miss yogakurto's ghost.
Yogakurto's ghost is severely damaged.
Yogakurto's ghost hits you but does no damage.
You hit yogakurto's ghost.
Yogakurto's ghost is almost destroyed.
Yogakurto's ghost hits you.
You die...

...#......#.#............
...#......#.#.#.##.......
...#........#.#......#####
..........................
.#####.#..............###
. ..........###....#
............K#....#####
............#W#....#...# #
........#@##..K..#.###.#
.####...#.##..W.........
........#........##
........?#........#
..........#.....(..#####
..........#.....(.......
.......#.............
.#.#....#.###......... #.
#.........


You could see yogakurto's ghost and a kobold.

Vanquished Creatures
  3 adders
  2 dart slugs (D:2)
  7 bats
  5 goblins (D:1)
  4 hobgoblins
  4 jackals (D:2)
  A quokka (D:3)
  4 frilled lizards (D:1)
  7 kobolds
  9 rats
46 creatures vanquished.

Notes
Turn   | Place    | Note
-------+----------+-------------------------------------------
     0 | Abyss:1  | anfisbena the Demonspawn Abyssal Knight began the quest for the Orb.
     0 | Abyss:1  | Reached XP level 1. HP: 18/18 MP: 2/2
    34 | Abyss:2  | Got a faintly glowing robe
    52 | Abyss:3  | Identified the +2 robe of the Five Ships {rF+} (You found it on level 2 of the Abyss)
    68 | Abyss:3  | Noticed a guardian serpent
    73 | D:1      | Escaped the Abyss
   310 | D:1      | Reached skill level 2 in Long Blades
   561 | D:1      | Gained mutation: You are partially covered in slimy green scales. (AC +2) [demonic ancestry]
   561 | D:1      | Reached XP level 2. HP: 24/24 MP: 3/3
   569 | D:1      | Reached * piety under Lugonu
  1003 | D:2      | Reached skill level 3 in Long Blades
  1061 | D:2      | Gained mutation: Your muscles are strong. (Str +2) [potion of mutation]
  1061 | D:2      | Gained mutation: You are frail. (-10% HP) [potion of mutation]
  1061 | D:2      | Gained mutation: You possess an exceptional clarity of mind. [potion of mutation]
  1062 | D:2      | Gained mutation: You are mostly covered in slimy green scales. (AC +3) [demonic ancestry]
  1062 | D:2      | Reached XP level 3. HP: 14/26 MP: 4/4
  2132 | D:3      | Gained mutation: You have sharp fingernails. [demonic ancestry]
  2132 | D:3      | Reached XP level 4. HP: 28/31 MP: 5/5
  2170 | D:3      | Reached skill level 4 in Long Blades
  2212 | D:3      | Noticed yogakurto's ghost (amateur DrFE)
  2253 | D:3      | Slain by yogakurto's ghost

Skill      XL: |  1  2  3  4 |
---------------+-------------+-----
Long Blades    | 2 3 4 |  4.0
Fighting       | |  3.0
Armour         | |  1.7
Dodging        | |  0.8
Invocations    | |  2.4

Action                   |  1- 3 |  4- 6 || total
-------------------------+-------+-------++-------
Melee: Falchion          |   136 |    23 ||   159
Invok: Depart the Abyss  |     1 |       ||     1
  Use: Potion            |     1 |     2 ||     3
 Stab: Sleeping          |     1 |       ||     1
  Eat: Chunk             |     4 |       ||     4
Armor: Robe              |    70 |     8 ||    78
Dodge: Dodged            |    97 |     9 ||   106
       Rpst.: Falchion   |    31 |     4 ||    35
